 Dungeon Crawl Stone Soup version 0.30.0-29-ga12c61a403 (webtiles) character file.

Game seed: 4272153350906421523

1263 seaoflcl the Cudgeller (level 8, 0/60 HPs)
             Began as a Demonspawn Fighter on June 4, 2023.
             Was a Follower of Okawaru.
             Succumbed to an orc wizard's poison
             ... on level 6 of the Dungeon.
             The game lasted 00:15:33 (4506 turns).

seaoflcl the Cudgeller (Demonspawn Fighter)         Turns: 4506, Time: 00:15:33

Health: 0/60       AC: 10    Str: 19    XL:     8   Next: 27%
Magic:  7/8        EV: 10    Int: 15    God:    Okawaru [*.....]
Gold:   284        SH:  4    Dex: 12    Spells: 7/7 levels left

rFire   . . .        k - +9 mace of Terror {flame, rElec}
rCold   + . .        c - +0 buckler
rNeg    . . .        b - +1 scale mail
rPois   .            (no helmet)
rElec   +            H - +0 cloak
rCorr   .            D - +0 pair of gloves
SInv    .            (no boots)
Will    .....        s - amulet of guardian spirit
Stlth   +            v - +4 ring of slaying
HPRegen 0.30/turn    m - ring "Desud" {rC+ Will- Int+5 Stlth+}
MPRegen 0.11/turn

%: guardian spirit
@: lethally poisoned (0 -> -11)
A: powered by death 2, demonic touch 1
a: Renounce Religion, Heroism


You were on level 6 of the Dungeon.
You worshipped Okawaru.
Okawaru was aware of your devotion.
You visited 2 branches of the dungeon, and saw 7 of its levels.

You collected 284 gold pieces.

Inventory:

Hand Weapons
 a - a +0 long sword
 k - the +9 mace of Terror (weapon) {flame, rElec}
   (You found it on level 2 of the Dungeon)

   rElec:     It insulates you from electricity.
 q - a +4 mace of draining
 L - a +2 heavy sling
Missiles
 J - 2 atropa-tipped darts (quivered)
 K - 2 throwing nets
Armour
 b - a +1 scale mail (worn)
 c - a +0 buckler (worn)
 D - a +0 pair of gloves (worn)
 H - a +0 cloak (worn)
Magical Staves
 O - a staff of cold
Jewellery
 j - a ring of positive energy
 m - the ring "Desud" (right hand) {rC+ Will- Int+5 Stlth+}
   (You found it on level 2 of the Dungeon)

   [ring of protection from cold]

   Int:       It affects your intelligence (+5).
   rC:        It protects you from cold.
   Will:      It decreases your willpower.
   Stlth:     It makes you more stealthy.
 n - a ring of fire
 s - an amulet of guardian spirit (around neck)
 t - a ring of willpower
 v - a +4 ring of slaying (left hand)
 B - a ring of protection from cold
 M - a ring of resist corrosion
Wands
 u - a wand of polymorph (3)
 C - a wand of acid (6)
Scrolls
 e - 5 scrolls of identify {unknown}
 f - 3 scrolls of enchant armour
 h - 2 scrolls of silence {unknown}
 i - a scroll of magic mapping {unknown}
 p - 2 scrolls of fear {unknown}
 x - 3 scrolls of teleportation {unknown}
 y - 2 scrolls of poison {unknown}
 z - a scroll of enchant weapon {unknown}
 A - a scroll of brand weapon {unknown}
 E - a scroll of acquirement {unknown}
 F - a scroll of amnesia {unknown}
 G - 3 scrolls of immolation {unknown}
Potions
 d - a potion of might
 g - a potion of magic {unknown}
 l - a potion of flight
 o - a potion of cancellation
 r - a potion of resistance {unknown}
 w - a potion of lignification {unknown}
 I - 2 potions of attraction {unknown}
 N - a potion of heal wounds {unknown}


   Skills:
 + Level 4.3 Fighting
 - Level 2.3 Long Blades
 * Level 6.4 Maces & Flails
 + Level 4.9 Armour
 + Level 2.2 Dodging
 + Level 3.5 Shields


You had 7 spell levels left.
You didn't know any spells.
Your spell library contained the following spells:

 Spells                   Type           Power      Damage    Failure   Level
 Magic Dart               Conj           0%         1d3       67%         1
 Poisonous Vapours        Pois/Air       0%         N/A       82%         2
 Sublimation of Blood     Necr           0%         N/A       82%         2
 Wereblood                Tmut           0%         N/A       82%         2
 Ignite Poison            Fire/Tmut/Pois 0%         N/A       96%         3
 Mephitic Cloud           Conj/Pois/Air  0%         N/A       96%         3
 Sticky Flame             Conj/Fire      0%         2d3       100%        4
 Freezing Cloud           Conj/Ice/Air   0%         6-21      100%        5
 Ignition                 Fire           0%         3d3       100%        8
 Call Imp                 Summ           Unusable   N/A       N/A         2
 Summon Hydra             Summ           Unusable   N/A       N/A         7

Dungeon Overview and Level Annotations

Branches:
Dungeon (6/15)             Temple (1/1) D:4

Altars:
Ashenzari
Cheibriados
Dithmenos
Fedhas
Gozag
Hepliaklqana
Makhleb
Nemelex Xobeh
Okawaru
Ru
Sif Muna
Trog
Vehumet
Wu Jian
Xom
Yredelemnul

Shops:
D:2 :


Innate Abilities, Weirdness & Mutations

You regenerate health from kills.
Your touch may inflict minor irresistible damage on your foes.


Message History

You kill the orc priest!
Okawaru accepts your kill.
You feel very sick. Something hits you but does no damage.
You are more poisoned.
You feel very sick. Something hits you but does no damage.
You are more poisoned.
Items here: )) [ †.
You feel very sick. Something hits you.
You are more poisoned.
Something hits you but does no damage.
* * * LOW HITPOINT WARNING * * *
You feel extremely sick.
You hear some strange, mumbled words.
You are confused.
Things that are here:
a +0 halberd; a +0 chain mail It was a potion of cancellation.
Your magical effects are unravelling.
You feel magically purged.
You feel less confused.
* * * LOW HITPOINT WARNING * * *
You feel very sick.
* * * LOW HITPOINT WARNING * * *
You feel very sick.
Things that are here:
a +0 dagger; a +0 robe; an orc corpse It was a potion of flight.
You feel very buoyant.
You fly up into the air.
* * * LOW HITPOINT WARNING * * *
You feel very sick.
You hear some strange, mumbled words.
You are confused.
Your magical effects are unravelling.
You feel magically purged.
You float gracefully downwards.
You feel less confused.
You die...

##.# #..##.# ##.## #..##.#
###..# #....## .....##
#....# ......## ##....#
.#.....#############.....#
.####...................##
.# ###........))........##
.# ##.....<..@)........##
## ##...####.......##..###
# #....# ####)..#####..##
# ##....# #...## ###.#
#....####..## ###
##.........# .........##
.........# ..####..)#


There were no monsters in sight!

Vanquished Creatures
  A water moccasin (D:5)
  An orc warrior (D:6)
  2 centaurs (D:6)
  An ogre (D:4)
  2 phantoms (D:4)
  A bullfrog (D:6)
  2 orc priests (D:6)
  2 hounds
  Jessica (D:3)
  Natasha (thrice) (D:3)
  Terence (D:3)
  2 orc wizards (D:6)
  6 gnolls
  16 adders
  2 ufetubi
  5 worms
  2 dart slugs
  12 orcs
  10 ball pythons
  4 endoplasms
  A giant cockroach (D:4)
  5 goblins
  4 hobgoblins
  8 jackals
  A quokka (D:3)
  9 bats
  2 frilled lizards
  5 kobolds
  7 rats
118 creatures vanquished.

Notes
Turn   | Place    | Note
-------+----------+-------------------------------------------
     0 | D:1      | seaoflcl the Demonspawn Fighter began the quest for the
                  | Orb.
     0 | D:1      | Reached XP level 1. HP: 18/18 MP: 1/1
   341 | D:1      | Gained mutation: You regenerate a little health from kills.
                  | [demonic ancestry]
   341 | D:1      | Reached XP level 2. HP: 24/24 MP: 2/2
   889 | D:2      | Identified the +9 mace of Terror {flame, rElec}
   899 | D:2      | Reached XP level 3. HP: 29/29 MP: 3/3
  1014 | D:2      | Identified the ring "Desud" {rC+ Will- Int+5 Stlth+}
  1107 | D:2      | Reached skill level 1 in Maces & Flails
  1168 | D:2      | Reached XP level 4. HP: 32/35 MP: 4/4
  1209 | D:2      | Found Ruowoos's Book Shoppe.
  1868 | D:3      | Noticed Terence
  1903 | D:3      | Reached skill level 2 in Maces & Flails
  1931 | D:3      | Killed Terence
  1932 | D:3      | Reached skill level 1 in Dodging
  1932 | D:3      | Gained mutation: You regenerate health from kills. [demonic
                  | ancestry]
  1932 | D:3      | Reached XP level 5. HP: 41/41 MP: 3/5
  2065 | D:3      | Noticed Natasha
  2073 | D:3      | Killed Natasha
  2074 | D:3      | Reached skill level 3 in Maces & Flails
  2393 | D:3      | Noticed Jessica
  2397 | D:3      | Killed Jessica
  2431 | D:3      | Noticed Natasha
  2435 | D:3      | Killed Natasha
  2436 | D:3      | Reached XP level 6. HP: 38/47 MP: 4/6
  2642 | D:3      | Noticed Natasha
  2650 | D:3      | Killed Natasha
  2688 | D:4      | Reached skill level 4 in Maces & Flails
  2893 | D:4      | Found a staircase to the Ecumenical Temple.
  2907 | D:4      | Gained mutation: Your touch may inflict minor irresistible
                  | damage on your foes. [demonic ancestry]
  2907 | D:4      | Reached XP level 7. HP: 53/53 MP: 7/7
  2992 | D:4      | Found a shimmering blue altar of Sif Muna.
  3090 | D:4      | Reached skill level 5 in Maces & Flails
  3154 | Temple   | Entered the Ecumenical Temple
  3335 | Temple   | Became a worshipper of Warmaster Okawaru
  3372 | D:5      | Entered Level 5 of the Dungeon
  4105 | D:6      | Reached * piety under Okawaru
  4115 | D:6      | Reached skill level 6 in Maces & Flails
  4147 | D:6      | Reached XP level 8. HP: 60/60 MP: 8/8
  4505 | D:6      | HP: 3/60 [poisoned by an orc wizard]
  4506 | D:6      | Succumbed to an orc wizard's poison

Illustrated notes

Levels and vault maps discovered:
D:1:      dpeg_arrival_circle_labyrinth_a, layout_basic, minivault_4,
          chequers_serial_rivers_marsh
D:2:      layout_basic, serial_shops, nicolae_book_shop_shelving,
          nicolae_underground_beach
D:3:      layout_basic, minmay_box_of_dots, uniq_jessica, uniq_natasha,
          uniq_terence
D:4:      layout_rooms, led_sif_pool, minmay_temple_entry_gardened_gates
D:5:      layout_cave_pools
D:6:      layout_layer_cave
Temple:   nicolae_temple_bog_church

Skill      XL: |  1  2  3  4  5  6  7 |
---------------+----------------------+-----
Shields        | 3 |  3.5
Long Blades    | 2 |  2.3
Armour         | 3 4 |  4.9
Maces & Flails | 1 2 3 4 6 |  6.4
Dodging        | 1 2 |  2.2
Fighting       | 4 |  4.3

Action                     |  1- 3 |  4- 6 |  7- 9 || total
---------------------------+-------+-------+-------++-------
  Melee: Long sword        |    58 |       |       ||    58
         Mace              |    25 |   114 |    72 ||   211
    Use: Scroll            |       |     1 |       ||     1
         Potion            |       |       |     3 ||     3
 Armour: Scale mail        |    53 |    46 |    51 ||   150
         Skin              |       |     5 |       ||     5
  Dodge: Dodged            |    47 |    57 |    48 ||   152
  Block: Buckler           |    15 |    22 |    24 ||    61
